 Dungeon Crawl Stone Soup version 0.27-a0-1186-g8b4daa1eef (webtiles) character file.

Game seed: 2587988928754172192

164 kae the Chopper (level 5, -4/48 HPs)
             Began as a Hill Orc Fighter on May 19, 2021.
             Succumbed to an orc wizard's poison
             ... on level 4 of the Dungeon.
             The game lasted 00:01:41 (3215 turns).

kae the Chopper (Hill Orc Fighter)                  Turns: 3215, Time: 00:01:41

Health: -4/48      AC:  8    Str: 19 (20) XL:     5   Next: 45%
Magic:  1/1        EV:  7    Int:  7 (8)  God:
Gold:   137        SH:  8    Dex:  8 (10) Spells: 4/4 levels left

rFire    . . .     SeeInvis .   j - +1 war axe (antimagic)
rCold    . . .     Faith    .   c - +0 kite shield
rNeg     . . .     Spirit   .   b - +0 scale mail
rPois    .         Reflect  .   (no helmet)
rElec    .         Harm     .   f - +0 cloak
rCorr    .         Rampage  .   (no gloves)
Will     .....                  (no boots)
Stlth    ..........             (no amulet)
HPRegen  0.16/turn              (no ring)
MPRegen  0.07/turn              (no ring)

@: mighty, lethally poisoned (-4 -> -29)
A: no striking features
a: no special abilities


You were on level 4 of the Dungeon.
You visited 1 branch of the dungeon, and saw 4 of its levels.

You collected 137 gold pieces.

Inventory:

Hand Weapons
 a - a +0 war axe
 j - a +1 antimagic war axe (weapon)
Missiles
 i - 5 atropa-tipped darts (quivered)
Armour
 b - a +0 scale mail (worn)
 c - a +0 kite shield (worn)
 f - a +0 cloak (worn)
Jewellery
 e - an amulet of magic regeneration
 l - a +6 ring of dexterity
 m - a +6 ring of intelligence
Wands
 o - a wand of flame (16)
Scrolls
 g - a scroll of noise
 k - a scroll of identify
Potions
 n - a potion of flight


   Skills:
 + Level 5.0 Fighting
 * Level 6.2 Axes
 - Level 3.2 Armour
 - Level 3.2 Shields


You had 4 spell levels left.
You didn't know any spells.
Your spell library was empty.

Dungeon Overview and Level Annotations

Branches:
Dungeon (4/15)
 Temple: D:4-7

Altars:


Message History

The magic dart hits you.
You hit the orc wizard.
The orc wizard's magic leaks into the air.
The orc wizard is moderately wounded.
You feel very sick. The orc wizard casts a spell at you.
The puff of flame hits you!
You feel sick.
You feel sick. The orc barely misses you.
Your shield prevents you from hitting the orc.
You closely miss the orc wizard.
You feel less confused.
You feel sick.
The orc wizard hits you but does no damage.
You are more poisoned.
The orc hits you with a +2 vorpal flail.
The orc wizard hits you but does no damage.
You are lethally poisoned!
You slash the orc wizard!
The orc wizard's magic leaks into the air.
The orc wizard is almost dead.
You barely miss the orc.
* * * LOW HITPOINT WARNING * * *
You feel very sick.
The orc hits you with a +2 vorpal flail.
* * * LOW HITPOINT WARNING * * *
x2 The orc wizard closely misses you.
The orc closely misses you.
You closely miss the orc wizard.
The orc wizard is almost dead.
You slash the orc!
You kill the orc!
* * * LOW HITPOINT WARNING * * *
You feel very sick.
The orc wizard hits you but does no damage.
You are more poisoned.
The orc wizard hits you but does no damage.
You are more poisoned.
You closely miss the orc wizard.
The orc wizard is almost dead.
You die...

#.##### #..)@o#
#######.# #.'.....#
#.#####################
#......................
######################.
#.# #.. ##.


You could see an orc wizard.

Vanquished Creatures
  Ijyb (D:3)
  Robin (D:3)
  5 adders
  An ufetubus (D:4)
  An adder skeleton (D:2)
  3 dart slugs
  5 orcs
  2 ball pythons
  3 endoplasms
  11 goblins
  7 hobgoblins
  4 jackals (D:1)
  7 kobolds
  3 quokkas
  3 bats
  3 frilled lizards (D:1)
  4 rats
64 creatures vanquished.

Notes
Turn   | Place    | Note
-------+----------+-------------------------------------------
     0 | D:1      | kae the Hill Orc Fighter began the quest for the Orb.
     0 | D:1      | Reached XP level 1. HP: 19/19 MP: 1/1
    39 | D:1      | Reached skill level 3 in Axes
   180 | D:1      | Reached XP level 2. HP: 27/27 MP: 2/2
   637 | D:1      | Reached skill level 4 in Axes
   779 | D:1      | Reached XP level 3. HP: 33/33 MP: 3/3
  1228 | D:2      | Reached XP level 4. HP: 41/41 MP: 4/4
  1675 | D:3      | Reached skill level 5 in Axes
  2154 | D:3      | You fall into a shaft and drop 1 floor!
  2252 | D:3      | Noticed Robin
  2273 | D:3      | Killed Robin
  2274 | D:3      | Reached XP level 5. HP: 7/47 MP: 1/5
  2922 | D:3      | Noticed Ijyb
  2935 | D:3      | Killed Ijyb
  2936 | D:3      | Reached skill level 5 in Fighting
  2936 | D:3      | Reached skill level 6 in Axes
  3215 | D:4      | Succumbed to an orc wizard's poison

Illustrated notes

Levels and vault maps discovered:
D:1:      amcnicky_arrival_blooded_trapdoor, layout_basic, fountainhead
D:2:      layout_basic
D:3:      layout_loops_ring, hangedman_decor_points, uniq_ijyb, uniq_robin
D:4:      layout_gridville, solitary_fountain, serial_park_tiny_2,
          roderic_serpentine_path, hangedman_decor_slide_cut, minivault_11,
          chequers_garden, uniq_sigmund

Skill      XL: |  1  2  3  4  5 |
---------------+----------------+-----
Axes           | 3 4 5 6 |  6.2
Fighting       | 4 5 |  5.0
Armour         | |  3.2
Shields        | |  3.2

Action                   |  1- 3 |  4- 6 || total
-------------------------+-------+-------++-------
Melee: War axe           |    72 |    97 ||   169
  Use: Scroll            |     2 |     5 ||     7
       Potion            |       |     4 ||     4
Armor: Scale mail        |    36 |    50 ||    86
Dodge: Dodged            |    23 |    33 ||    56
Block: Kite shield       |    38 |    54 ||    92

Table legend: (Time is in decaauts)
 A = Elapsed time spent in this place.
 B = Non-inter-level travel time spent in this place.
 C = Inter-level travel time spent in this place.
 D = Time resting spent in this place.
 E = Time spent auto-exploring this place.
 F = Levels seen in this place.
 G = Mean time per level.
                   A        B        C        D        E       F      G
               +--------+--------+--------+--------+--------+-----+--------+
         Total |   3298 |   3204 |     94 |    278 |   2437 |   4 |  824.5 |
       Dungeon |   3298 |   3204 |     94 |    278 |   2437 |   4 |  824.5 |
               +--------+--------+--------+--------+--------+-----+--------+

Top non-repeatable levels by time:
     D:3: 1150 daAuts
     D:1: 889 daAuts
     D:2: 788 daAuts
     D:4: 470 daAuts
